[Event "EYCC Girls U10 2018"]
[Site "Riga"]
[Date "2018.08.24"]
[Round "5"]
[White "Shukhman, Anna"]
[Black "Huang, Wendy"]
[Result "1/2-1/2"]
[ECO "B90"]
[WhiteElo "1577"]
[BlackElo "1648"]
[Annotator "NA"]
[PlyCount "85"]
[EventDate "2018.08.20"]
[EventType "swiss"]
[EventCountry "LAT"]
[SourceTitle "playchess.com"]
[Source "ChessBase"]
[SourceQuality "1"]
[TimeControl "40/5400+30:1800+30"]

1. e4 c5 2. Nf3 d6 3. d4 cxd4 4. Nxd4 Nf6 5. Nc3 a6 6. h3 e5 7. Nb3 Be6 8. f4 Be7 9. f5 Bc8 10. g4 h6 11. Be3 Nbd7 12. Qf3 b5 13. O-O-O Bb7 14. Bd3 b4 15. Ne2 d5 16. Ng3 d4 17. Bf2 a5 18. Kd2 a4 19. Nc1 Nh7 20. Ke2 O-O 21. Kf1 Nc5 22. Kg2 Rc8 23. Qe2 a3 24. bxa3 bxa3 25. Nb3 Na4 26. Be1 Nc3 27. Bxc3 Rxc3 28. Rb1 Qc7 29. Qd1 Ra8 30. Qe2 Nf8 31. Nd2 Nd7 32. Qf3 Nc5 33. Ne2 Nxd3 34. cxd3 Rc2 35. Rhc1 Ba6 36. Nc4 Rxc1 37. Rxc1 Bxc4 38. Rxc4 Qb7 39. Nc1 Qb2+ 40. Qf2 Rb8 41. Nb3 Bh4 42. Qc2 Bg5 43. Kf1 1/2-1/2

[Event "EYCC Girls U10 2018"]
[Site "Riga"]
[Date "2018.08.24"]
[Round "5"]
[White "Mikhailina, Olga"]
[Black "Vlasova, Olesia"]
[Result "0-1"]
[ECO "B34"]
[WhiteElo "1373"]
[BlackElo "1693"]
[Annotator "NA"]
[PlyCount "86"]
[EventDate "2018.08.20"]
[EventType "swiss"]
[EventCountry "LAT"]
[SourceTitle "playchess.com"]
[Source "ChessBase"]
[SourceQuality "1"]
[TimeControl "40/5400+30:1800+30"]

1. e4 c5 2. Nf3 Nc6 3. d4 cxd4 4. Nxd4 g6 5. Nxc6 bxc6 6. Qd4 Nf6 7. e5 Qa5+ 8. Bd2 Qd5 9. Qxd5 Nxd5 10. Nc3 Nxc3 11. Bxc3 Bg7 12. O-O-O O-O 13. Bc4 Kh8 14. Rhe1 Kg8 15. Kb1 Rb8 16. Bd4 a6 17. Bb3 Ra8 18. Re4 Kh8 19. Bc5 Re8 20. Bxf7 Rf8 21. e6 d6 22. Be3 Rb8 23. b3 Bf6 24. Bh6 Rd8 25. Be3 Bb7 26. Bd4 Bxd4 27. Rexd4 Kg7 28. f3 c5 29. R4d2 Bc6 30. c4 a5 31. Kc2 Rb6 32. Rb1 Rdb8 33. Rdd1 Rb4 34. a4 Kf6 35. Kc3 Bxa4 36. Kd2 Bxb3 37. Rdc1 a4 38. Rc3 a3 39. Rcc1 a2 40. Ra1 Bxc4 41. Kc2 d5 42. g4 Rb2+ 43. Kc3 R8b3# {[%emt 0:00:05] Kd4} 0-1

[Event "EYCC Girls U10 2018"]
[Site "Riga"]
[Date "2018.08.24"]
[Round "5"]
[White "Peglau, Dora"]
[Black "Maria, Lia Alexandra"]
[Result "1/2-1/2"]
[ECO "A22"]
[WhiteElo "1273"]
[BlackElo "1576"]
[Annotator "NA"]
[PlyCount "65"]
[EventDate "2018.08.20"]
[EventType "swiss"]
[EventCountry "LAT"]
[SourceTitle "playchess.com"]
[Source "ChessBase"]
[SourceQuality "1"]
[TimeControl "40/5400+30:1800+30"]

1. c4 e5 2. Nc3 Nf6 3. g3 c6 4. Bg2 d5 5. cxd5 cxd5 6. d3 Nc6 7. Bg5 d4 8. Nd5 Be7 9. Nxe7 Qxe7 10. Nf3 h6 11. Bxf6 Qxf6 12. O-O O-O 13. Rc1 Be6 14. a3 a5 15. Nd2 Rac8 16. Ne4 Qe7 17. Qd2 Rfd8 18. Nc5 Bd5 19. Bxd5 Rxd5 20. Na4 Rdd8 21. Nb6 Rb8 22. e4 dxe3 23. fxe3 f6 24. e4 Qd6 25. Nd5 Ne7 26. Nxe7+ Qxe7 27. Qxa5 Rxd3 28. Rc7 Qd8 29. Qb6 Qd6 30. Qxd6 Rxd6 31. Rfc1 Rc6 32. R1xc6 bxc6 33. Rxc6 1/2-1/2

[Event "EYCC Girls U10 2018"]
[Site "Riga"]
[Date "2018.08.26"]
[Round "6"]
[White "Vlasova, Olesia"]
[Black "Helliesen, Lykke Merlot"]
[Result "1-0"]
[ECO "C68"]
[WhiteElo "1693"]
[BlackElo "1482"]
[Annotator "NA"]
[PlyCount "111"]
[EventDate "2018.08.20"]
[EventType "swiss"]
[EventCountry "LAT"]
[SourceTitle "playchess.com"]
[Source "ChessBase"]
[SourceQuality "1"]
[TimeControl "40/5400+30:1800+30"]

1. e4 e5 2. Nf3 Nc6 3. Bb5 a6 4. Bxc6 dxc6 5. O-O Bg4 6. h3 h5 7. d3 Qf6 8. Nbd2 g5 9. b3 Qg7 10. Bb2 f6 11. Qe2 Be6 12. Rfd1 g4 13. hxg4 hxg4 14. Nh2 Bc5 15. g3 O-O-O 16. Kg2 f5 17. exf5 Bd5+ 18. Ne4 Qh7 19. Rh1 Qxf5 20. c4 Bxe4+ 21. dxe4 Qg5 22. Qxg4+ Qxg4 23. Nxg4 Rxh1 24. Rxh1 Ne7 25. Nxe5 b6 26. Bc3 b5 27. f4 b4 28. Be1 Kb7 29. f5 Bd4 30. Nf3 Bc3 31. Bxc3 bxc3 32. Rc1 Rd3 33. Kf2 c5 34. Ke2 Rd8 35. Rxc3 Nc6 36. Rd3 Rg8 37. Kf2 Re8 38. e5 Nb4 39. Rd2 Rf8 40. g4 Nc6 41. Kg3 Rg8 42. g5 Ne7 43. Kf4 Rf8 44. f6 Ng6+ 45. Kf5 Ne7+ 46. Ke4 Ng6 47. e6 Re8 48. Kf5 Nf8 49. e7 Nh7 50. g6 Nf8 51. exf8=Q Rxf8 52. g7 Rg8 53. Kg6 a5 54. f7 Rxg7+ 55. Kxg7 Kb6 56. f8=Q 1-0

[Event "EYCC Girls U10 2018"]
[Site "Riga"]
[Date "2018.08.26"]
[Round "6"]
[White "Svergina, Sofya"]
[Black "Mutina, Sofia"]
[Result "1-0"]
[ECO "B15"]
[WhiteElo "1657"]
[BlackElo "1319"]
[Annotator "NA"]
[PlyCount "81"]
[EventDate "2018.08.20"]
[EventType "swiss"]
[EventCountry "LAT"]
[SourceTitle "playchess.com"]
[Source "ChessBase"]
[SourceQuality "1"]
[TimeControl "40/5400+30:1800+30"]

1. e4 c6 2. d4 d5 3. Nc3 h6 4. Nf3 Nf6 5. e5 Ne4 6. Bd3 Nxc3 7. bxc3 Bg4 8. h3 Bxf3 9. Qxf3 e6 10. Bd2 c5 11. Bb5+ Nd7 12. O-O a6 13. Bxd7+ Qxd7 14. Qe2 c4 15. f4 Be7 16. Qf2 O-O 17. Qg3 Kh7 18. a4 b5 19. a5 Bd8 20. Qf3 Bc7 21. Ra2 Qd8 22. f5 f6 23. Qg4 exf5 24. Qxf5+ Kh8 25. e6 Bd6 26. Bf4 Bxf4 27. Rxf4 Ra7 28. Qh5 Kh7 29. Qf3 Re7 30. Rf5 Rxe6 31. Rxd5 Qe7 32. Qf5+ g6 33. Qf4 Rc8 34. Ra1 Rcc6 35. Qb8 Qe8 36. Rd8 Qf7 37. d5 g5 38. Rh8+ Kg7 39. dxc6 Rxc6 40. Re1 Rc5 41. Re7 1-0

[Event "EYCC Girls U10 2018"]
[Site "Riga"]
[Date "2018.08.26"]
[Round "6"]
[White "Shukhman, Anna"]
[Black "Shvedova, Alexandra"]
[Result "1/2-1/2"]
[ECO "A13"]
[WhiteElo "1577"]
[BlackElo "1758"]
[Annotator "NA"]
[PlyCount "149"]
[EventDate "2018.08.20"]
[EventType "swiss"]
[EventCountry "LAT"]
[SourceTitle "playchess.com"]
[Source "ChessBase"]
[SourceQuality "1"]
[TimeControl "40/5400+30:1800+30"]

1. c4 e6 2. Nf3 d5 3. g3 Nf6 4. Bg2 c5 5. cxd5 exd5 6. d4 b6 7. O-O Be7 8. Nc3 O-O 9. Bf4 Bb7 10. Rc1 Na6 11. Ne5 Nc7 12. Be3 Rb8 13. b3 Ne6 14. Na4 Bd6 15. Nf3 Ng4 16. Qd3 Rc8 17. Bh3 Nxe3 18. Qxe3 Re8 19. Qd2 cxd4 20. Rcd1 Rc7 21. Nxd4 Nxd4 22. Qxd4 Rxe2 23. Nc3 Re5 24. Nb5 Rce7 25. Nxa7 Bc5 26. Qc3 Qe8 27. b4 Ba6 28. bxc5 Bxf1 29. Bxf1 Rxa7 30. cxb6 Rb7 31. Bb5 Qb8 32. Rc1 g6 33. Qd4 Rxb6 34. Bd7 Rb1 35. Rxb1 Qxb1+ 36. Kg2 Qe4+ 37. Qxe4 Rxe4 38. Bc6 Re5 39. a4 d4 40. Bb5 Kf8 41. f4 Rd5 42. Kf3 d3 43. Ke4 d2 44. Kxd5 d1=Q+ 45. Kc5 Qg1+ 46. Kc6 Qxh2 47. a5 Qxg3 48. a6 Qxf4 49. a7 Qe4+ 50. Kb6 Qa8 51. Bc6 Qxa7+ 52. Kxa7 f5 53. Kb6 g5 54. Kc5 Kf7 55. Kd4 Kf6 56. Ke3 h5 57. Kf3 h4 58. Bd7 Ke5 59. Bc8 g4+ 60. Kg2 Kf4 61. Bd7 Kg5 62. Bc6 f4 63. Bd5 h3+ 64. Kh2 Kh4 65. Be4 g3+ 66. Kg1 Kg4 67. Bc6 f3 68. Bd7+ Kh4 69. Bc6 Kg4 70. Bd7+ Kh4 71. Bc6 f2+ 72. Kf1 Kg5 73. Bd7 h2 74. Bc6 Kf4 75. Bg2 1/2-1/2

[Event "EYCC Girls U10 2018"]
[Site "Riga"]
[Date "2018.08.26"]
[Round "6"]
[White "Gorcuk, Ozgu"]
[Black "Zhapova, Yana"]
[Result "0-1"]
[ECO "A40"]
[WhiteElo "1299"]
[BlackElo "1733"]
[Annotator "NA"]
[PlyCount "146"]
[EventDate "2018.08.20"]
[EventType "swiss"]
[EventCountry "LAT"]
[SourceTitle "playchess.com"]
[Source "ChessBase"]
[SourceQuality "1"]
[TimeControl "40/5400+30:1800+30"]

1. d4 e6 2. Nf3 c5 3. c3 Nc6 4. Bf4 cxd4 5. cxd4 Qb6 6. Qd2 Nf6 7. e3 Ne4 8. Qc2 d5 9. a3 Bd7 10. Nbd2 Rc8 11. Qb1 f5 12. Bd3 Be7 13. h3 Nd8 14. O-O O-O 15. Rd1 Nf7 16. Bh2 Ba4 17. Re1 Nfg5 18. b4 Nxf3+ 19. Nxf3 Nc3 20. Qb2 a5 21. b5 Ne4 22. Ne5 Rfd8 23. f3 Nd6 24. Rec1 Bf6 25. Rxc8 Nxc8 26. Rc1 Nd6 27. Be2 Bg5 28. Qd2 Bxb5 29. Rb1 Qa6 30. Bxb5 Nxb5 31. a4 Na3 32. Rb3 Nc4 33. Nxc4 dxc4 34. Rc3 b5 35. axb5 Qxb5 36. f4 Be7 37. Qc2 Rc8 38. Qc1 a4 39. Kf2 a3 40. Rc2 Qb3 41. Qd2 c3 42. Qe2 Ra8 43. Ra2 c2 44. Rxc2 a2 45. Qd1 Qa3 46. Qa1 Qb3 47. Rb2 Qxb2+ 48. Qxb2 a1=Q 49. Qb5 Qa4 50. Qb7 Bh4+ 51. Bg3 Qc2+ 52. Kf3 Qe4+ 53. Qxe4 fxe4+ 54. Kg4 Be7 55. f5 Ra2 56. fxe6 Rxg2 57. Kf4 Bd6+ 58. Kxe4 Rxg3 59. Kd5 Bb8 60. e4 Kf8 61. Kc6 Ke7 62. d5 Re3 63. Kb7 Bd6 64. Kc6 Rxe4 65. Kb7 g5 66. Kb6 h5 67. Kb7 g4 68. hxg4 hxg4 69. Kb6 g3 70. Kc6 g2 71. Kb7 g1=Q 72. Ka6 Rb4 73. Ka5 Qb6# 0-1

[Event "EYCC Girls U10 2018"]
[Site "Riga"]
[Date "2018.08.27"]
[Round "7"]
[White "Zhapova, Yana"]
[Black "Svergina, Sofya"]
[Result "1-0"]
[ECO "C07"]
[WhiteElo "1733"]
[BlackElo "1657"]
[Annotator "NA"]
[PlyCount "97"]
[EventDate "2018.08.20"]
[EventType "swiss"]
[EventCountry "LAT"]
[SourceTitle "playchess.com"]
[Source "ChessBase"]
[SourceQuality "1"]
[TimeControl "40/5400+30:1800+30"]

1. e4 e6 2. d4 d5 3. Nd2 c5 4. exd5 Qxd5 5. Ngf3 cxd4 6. Bc4 Qd6 7. O-O Nf6 8. Nb3 Nc6 9. Nbxd4 Nxd4 10. Nxd4 a6 11. Re1 Qc7 12. Qe2 Bd6 13. Bg5 O-O 14. Bxf6 gxf6 15. Bd3 f5 16. Qh5 Kh8 17. Re3 Rg8 18. Rae1 Bd7 19. Bf1 Rg7 20. Rh3 Rag8 21. Nf3 Qd8 22. Rd1 Bc7 23. Ng5 Qxg5 24. Qxg5 Rxg5 25. Rxd7 Be5 26. Rxb7 R5g7 27. Rhb3 Ra8 28. c4 Bd6 29. Rd7 Bc5 30. Rbb7 Rf8 31. b4 Bxb4 32. Rxb4 e5 33. c5 Rc8 34. Rd5 f6 35. Bxa6 Ra8 36. Rb6 Rga7 37. c6 Rxa6 38. Rxa6 Rxa6 39. c7 Rc6 40. Rd8+ Kg7 41. c8=Q Rxc8 42. Rxc8 e4 43. a4 f4 44. a5 f5 45. a6 e3 46. fxe3 fxe3 47. a7 e2 48. Kf2 e1=Q+ 49. Kxe1 1-0

[Event "EYCC Girls U10 2018"]
[Site "Riga"]
[Date "2018.08.27"]
[Round "7"]
[White "Vlasova, Olesia"]
[Black "Shukhman, Anna"]
[Result "0-1"]
[ECO "B43"]
[WhiteElo "1693"]
[BlackElo "1577"]
[Annotator "NA"]
[PlyCount "146"]
[EventDate "2018.08.20"]
[EventType "swiss"]
[EventCountry "LAT"]
[SourceTitle "playchess.com"]
[Source "ChessBase"]
[SourceQuality "1"]
[TimeControl "40/5400+30:1800+30"]

1. e4 c5 2. Nf3 e6 3. d4 cxd4 4. Nxd4 a6 5. Nc3 Qc7 6. Bd3 b5 7. O-O Bb7 8. Re1 Nc6 9. Nxc6 dxc6 10. e5 Ne7 11. Bf4 Nd5 12. Nxd5 cxd5 13. Qg4 g6 14. a4 b4 15. Bg5 h5 16. Qh4 Be7 17. Bxe7 Qxe7 18. Qd4 a5 19. Bb5+ Kf8 20. Qb6 Kg7 21. Rad1 Rhc8 22. Re2 Rc5 23. Rdd2 Qc7 24. Qxc7 Rxc7 25. f3 Ba6 26. Bxa6 Rxa6 27. Kf2 Rac6 28. h4 Rc4 29. g3 f6 30. exf6+ Kxf6 31. f4 R4c5 32. Kf3 Rc4 33. Kf2 R7c5 34. Kf3 Ke7 35. Kf2 Kd6 36. Kf3 Rc8 37. Kf2 Rf8 38. Kg2 Rf7 39. Re5 Rf5 40. Rxf5 gxf5 41. Kf3 Kc5 42. b3 Rc3+ 43. Kf2 d4 44. Re2 Kd6 45. Rd2 Kd5 46. Kg2 Ke4 47. Re2+ Re3 48. Rd2 d3 49. cxd3+ Rxd3 50. Re2+ Kd5 51. Re5+ Kd6 52. Rxa5 Rxb3 53. Rb5 Rb2+ 54. Kh3 Kc6 55. Re5 Ra2 56. Rxe6+ Kc5 57. Re5+ Kc4 58. Rxf5 b3 59. Rxh5 Rxa4 60. Rh8 b2 61. Rb8 Rb4 62. Rxb4+ Kxb4 63. Kg4 b1=Q 64. Kg5 Qh7 65. g4 Kc5 66. h5 Qg7+ 67. Kf5 Kd6 68. g5 Qh7+ 69. Kf6 Qxh5 70. g6 Qh4+ 71. Kg7 Qxf4 72. Kg8 Ke7 73. g7 Qg5 0-1

[Event "EYCC Girls U10 2018"]
[Site "Riga"]
[Date "2018.08.27"]
[Round "7"]
[White "Helliesen, Lykke Merlot"]
[Black "Maria, Lia Alexandra"]
[Result "1-0"]
[ECO "E39"]
[WhiteElo "1482"]
[BlackElo "1576"]
[Annotator "NA"]
[PlyCount "73"]
[EventDate "2018.08.20"]
[EventType "swiss"]
[EventCountry "LAT"]
[SourceTitle "playchess.com"]
[Source "ChessBase"]
[SourceQuality "1"]
[TimeControl "40/5400+30:1800+30"]

1. d4 Nf6 2. c4 e6 3. Nc3 Bb4 4. Qc2 c5 5. dxc5 O-O 6. e3 Bxc5 7. Nf3 Be7 8. Be2 d6 9. O-O Nbd7 10. Rd1 a6 11. b3 Qc7 12. Ba3 Rd8 13. Rac1 b6 14. Nd4 Bb7 15. Bf3 Ne5 16. Qe2 Nxf3+ 17. Nxf3 Rac8 18. Nd4 Qb8 19. Na4 Be4 20. f3 Ba8 21. e4 Qa7 22. Kh1 Nd7 23. Nc2 Nc5 24. Nxc5 bxc5 25. Bb2 Bg5 26. Rb1 Qe7 27. Rd3 Bf6 28. Bxf6 Qxf6 29. Rbd1 Qe7 30. Qd2 f6 31. Rxd6 Rxd6 32. Qxd6 Kf8 33. Qxa6 Rd8 34. Rxd8+ Qxd8 35. Ne1 e5 36. Qa3 Qc8 37. Nd3 1-0

[Event "EYCC Girls U10 2018"]
[Site "Riga"]
[Date "2018.08.27"]
[Round "7"]
[White "Novikova, Daria"]
[Black "Gryga, Daryna"]
[Result "0-1"]
[ECO "A43"]
[WhiteElo "1256"]
[BlackElo "1756"]
[Annotator "NA"]
[PlyCount "172"]
[EventDate "2018.08.20"]
[EventType "swiss"]
[EventCountry "LAT"]
[SourceTitle "playchess.com"]
[Source "ChessBase"]
[SourceQuality "1"]
[TimeControl "40/5400+30:1800+30"]

1. d4 c5 2. e3 d5 3. Nf3 Nc6 4. b3 cxd4 5. exd4 Nf6 6. Bb2 Bf5 7. Bd3 Bxd3 8. Qxd3 e6 9. O-O Bd6 10. Qe2 O-O 11. Nbd2 Rc8 12. c4 h6 13. Rac1 Re8 14. Ne5 Qe7 15. f4 Nb4 16. a3 Nc6 17. b4 dxc4 18. Rxc4 Nd5 19. Ne4 Nb8 20. Nxd6 Qxd6 21. Qh5 Qe7 22. Rc5 Nd7 23. Nxd7 Qxd7 24. Qf3 b6 25. Rcc1 g6 26. Kh1 h5 27. Rg1 Qd6 28. g3 Red8 29. Qe4 Kg7 30. Rgd1 Rh8 31. Rf1 Rhd8 32. Rfd1 Kh7 33. Rf1 Re8 34. Rfd1 Red8 35. Rf1 Kg8 36. Rfe1 h4 37. Kg2 Kg7 38. Rf1 hxg3 39. hxg3 Rh8 40. Rh1 Nf6 41. Rxh8 Rxc1 42. Rg8+ Kxg8 43. Qa8+ Kg7 44. Bxc1 Qxd4 45. Qf3 Nd5 46. Qe2 Kh7 47. Bb2 Qe3 48. Qxe3 Nxe3+ 49. Kf3 Nc4 50. Bc1 Kg7 51. Ke4 Kf6 52. g4 Nd6+ 53. Kd4 Ke7 54. a4 Kd7 55. Ke5 Nc4+ 56. Kd4 Nd6 57. Ke5 Ne8 58. Bb2 a6 59. f5 f6+ 60. Kf4 gxf5 61. gxf5 exf5 62. Kxf5 Ke7 63. Bd4 b5 64. axb5 axb5 65. Bc5+ Kf7 66. Bd4 Nd6+ 67. Kf4 Ke6 68. Bc5 Nc4 69. Bd4 f5 70. Bc3 Nb6 71. Be1 Nd5+ 72. Kg3 Ke5 73. Kf3 f4 74. Bd2 Kf5 75. Be1 Nc7 76. Bd2 Ne6 77. Bc3 Ng5+ 78. Kf2 Ke4 79. Ke2 f3+ 80. Kf1 Ne6 81. Kf2 Nf4 82. Bd2 Nd3+ 83. Kf1 f2 84. Bh6 Kf3 85. Bf8 Ne5 86. Bc5 Ng4 0-1

[Event "EYCC Girls U10 2018"]
[Site "Riga"]
[Date "2018.08.28"]
[Round "8"]
[White "Gryga, Daryna"]
[Black "Shukhman, Anna"]
[Result "0-1"]
[ECO "C01"]
[WhiteElo "1756"]
[BlackElo "1577"]
[Annotator "NA RC"]
[PlyCount "106"]
[EventDate "2018.08.20"]
[EventType "swiss"]
[EventCountry "LAT"]
[SourceTitle "playchess.com"]
[Source "ChessBase"]
[SourceQuality "1"]
[TimeControl "40/5400+30:1800+30"]

1. e4 e6 2. d4 d5 3. exd5 exd5 4. Nf3 c5 5. dxc5 Bxc5 6. Bd3 Ne7 7. O-O O-O 8. Nc3 Nbc6 9. Bg5 h6 10. Bh4 Be6 11. a3 Rc8 12. Qd2 Qd7 13. Bg3 Rfd8 14. Rad1 Bg4 15. Be2 Bf5 16. Bd3 Bg4 17. Be2 Bd6 18. Bxd6 Qxd6 19. Nb5 Qg6 20. Nh4 Qh5 21. Bxg4 Qxg4 22. Nf3 Nf5 23. h3 Qg6 24. Rfe1 d4 25. a4 a6 26. Na3 Qf6 27. Nc4 d3 28. cxd3 Ncd4 29. Nxd4 Nxd4 30. b4 Rxc4 31. dxc4 Nf3+ 32. gxf3 Rxd2 33. Rxd2 Qg5+ 34. Kf1 Qxd2 35. b5 Qd3+ 36. Kg2 Qxc4 37. bxa6 bxa6 38. Re4 Qc6 39. Rd4 Qg6+ 40. Rg4 Qc6 41. Re4 f5 42. Rd4 Qg6+ 43. Kf1 Qf6 44. Rc4 a5 45. Kg2 Qg6+ 46. Kh2 Qd6+ 47. Kg2 Qd5 48. Rc8+ Kh7 49. Rf8 Qc4 50. Rxf5 Qxa4 51. Re5 Qb4 52. Re4 Qb3 53. Re3 Qxe3 0-1

[Event "EYCC Girls U10 2018"]
[Site "Riga"]
[Date "2018.08.28"]
[Round "8"]
[White "Zhapova, Yana"]
[Black "Shvedova, Alexandra"]
[Result "1/2-1/2"]
[ECO "C45"]
[WhiteElo "1733"]
[BlackElo "1758"]
[Annotator "NA RC"]
[PlyCount "85"]
[EventDate "2018.08.20"]
[EventType "swiss"]
[EventCountry "LAT"]
[SourceTitle "playchess.com"]
[Source "ChessBase"]
[SourceQuality "1"]
[TimeControl "40/5400+30:1800+30"]

1. e4 e5 2. Nf3 Nc6 3. d4 exd4 4. Nxd4 Bc5 5. Nb3 Bb6 6. Nc3 d6 7. Qe2 Be6 8. Be3 Qe7 9. O-O-O Nf6 10. g3 O-O-O 11. Bxb6 axb6 12. Bg2 Rhe8 13. Nd4 Bd7 14. Ndb5 Be6 15. h3 Nd7 16. Nd4 Qg5+ 17. Kb1 Nxd4 18. Rxd4 f5 19. Qd2 Qxd2 20. Rxd2 Nf6 21. Re1 fxe4 22. Nxe4 Nxe4 23. Bxe4 Bxh3 24. Rde2 Rh8 25. Rh1 Bg4 26. f3 d5 27. fxg4 dxe4 28. Rxe4 Rhe8 29. Rxe8 Rxe8 30. Kc1 h6 31. g5 hxg5 32. Kd2 Re4 33. Rf1 Rg4 34. Rf3 Kd8 35. Ke3 Ke7 36. Kf2 Rc4 37. c3 Ke6 38. Re3+ Kf6 39. Kf3 Rc5 40. Rd3 Rf5+ 41. Ke2 Rb5 42. Rd2 Kg6 43. Kf3 1/2-1/2

[Event "EYCC Girls U10 2018"]
[Site "Riga"]
[Date "2018.08.28"]
[Round "8"]
[White "Svergina, Sofya"]
[Black "Rahimova, Aysel"]
[Result "1-0"]
[ECO "B90"]
[WhiteElo "1657"]
[BlackElo "1303"]
[Annotator "NA RC"]
[PlyCount "149"]
[EventDate "2018.08.20"]
[EventType "swiss"]
[EventCountry "LAT"]
[SourceTitle "playchess.com"]
[Source "ChessBase"]
[SourceQuality "1"]
[TimeControl "40/5400+30:1800+30"]

1. e4 c5 2. Nf3 d6 3. d4 cxd4 4. Nxd4 Nf6 5. Nc3 a6 6. Be3 e5 7. Nb3 Be6 8. Be2 Be7 9. O-O O-O 10. h3 Nbd7 11. Qd2 b5 12. Bf3 Nb6 13. Na5 Rc8 14. Rfd1 Qc7 15. a3 Rfd8 16. Rac1 h6 17. Kh1 d5 18. Bxb6 Qxb6 19. Nxd5 Nxd5 20. exd5 Bg5 21. Qe1 Bf5 22. Nc6 Re8 23. Bg4 Bxg4 24. hxg4 Bxc1 25. Rxc1 Rxc6 26. dxc6 Qxc6 27. Qe2 f6 28. Rd1 Rc8 29. Rd2 Qc4 30. Qxc4+ Rxc4 31. f3 Kf7 32. Kh2 Ke6 33. Kg3 g6 34. Kf2 f5 35. gxf5+ Kxf5 36. Ke3 g5 37. g4+ Ke6 38. Rh2 Kd5 39. c3 Rc6 40. Kd3 Rf6 41. Rh3 a5 42. b3 Rf4 43. b4 a4 44. Rg3 e4+ 45. fxe4+ Rxe4 46. Rg2 Rf4 47. Rg3 Rf2 48. Rh3 Rf6 49. Re3 Rf4 50. Rg3 Ke5 51. Re3+ Kf6 52. Re4 Rxe4 53. Kxe4 Kg6 54. c4 Kf6 55. cxb5 Ke6 56. b6 Kd6 57. b5 Kd7 58. Kf5 Kc8 59. Kg6 Kb7 60. Kxh6 Kxb6 61. Kxg5 Kxb5 62. Kf4 Kc4 63. g5 Kb3 64. g6 Kxa3 65. g7 Kb2 66. g8=Q a3 67. Qg2+ Kb1 68. Qf1+ Kb2 69. Qb5+ Ka1 70. Ke3 a2 71. Qa4 Kb2 72. Qb4+ Ka1 73. Qc3+ Kb1 74. Kd2 a1=Q 75. Qc2# 1-0

[Event "EYCC Girls U10 2018"]
[Site "Riga"]
[Date "2018.08.28"]
[Round "8"]
[White "Mutina, Sofia"]
[Black "Vlasova, Olesia"]
[Result "1/2-1/2"]
[ECO "A01"]
[WhiteElo "1319"]
[BlackElo "1693"]
[Annotator "NA RC"]
[PlyCount "91"]
[EventDate "2018.08.20"]
[EventType "swiss"]
[EventCountry "LAT"]
[SourceTitle "playchess.com"]
[Source "ChessBase"]
[SourceQuality "1"]
[TimeControl "40/5400+30:1800+30"]

1. b3 e5 2. Bb2 Nc6 3. e3 d6 4. g3 g6 5. d4 f6 6. Bg2 Bd7 7. c4 Bg7 8. Ne2 Nh6 9. Nbc3 O-O 10. O-O Qc8 11. Nd5 Bh3 12. b4 Bxg2 13. Kxg2 Qd7 14. Qb3 Nf7 15. Rad1 Ng5 16. Ng1 Ne7 17. Nxe7+ Qxe7 18. c5+ Nf7 19. cxd6 cxd6 20. Qd5 Rac8 21. Rc1 f5 22. Rfe1 Rfd8 23. Nf3 e4 24. Nd2 b6 25. a4 Qd7 26. b5 Bf8 27. Ba3 Kg7 28. Rc6 Qb7 29. Rec1 Rd7 30. Qa2 Rdc7 31. Rxc7 Rxc7 32. Rxc7 Qxc7 33. Qc4 Qxc4 34. Nxc4 d5 35. Bxf8+ Kxf8 36. Nd2 Ke7 37. Kf1 Ke6 38. Ke1 Nd6 39. Kd1 Nb7 40. Nb3 Kf6 41. Ke2 Na5 42. Nxa5 bxa5 43. Kf1 Kg5 44. h3 Kh5 45. Kg2 g5 46. Kh2 1/2-1/2

[Event "EYCC Girls U10 2018"]
[Site "Riga"]
[Date "2018.08.28"]
[Round "8"]
[White "Gorcuk, Ozgu"]
[Black "Huang, Wendy"]
[Result "0-1"]
[ECO "D02"]
[WhiteElo "1299"]
[BlackElo "1648"]
[Annotator "NA RC"]
[PlyCount "72"]
[EventDate "2018.08.20"]
[EventType "swiss"]
[EventCountry "LAT"]
[SourceTitle "playchess.com"]
[Source "ChessBase"]
[SourceQuality "1"]
[TimeControl "40/5400+30:1800+30"]

1. d4 d5 2. Bf4 Nf6 3. Nf3 c5 4. c3 e6 5. e3 Nc6 6. Nbd2 Bd6 7. Bg3 O-O 8. Bd3 b6 9. e4 Be7 10. e5 Nh5 11. Qe2 Bb7 12. O-O-O g6 13. Kb1 a5 14. Bb5 Na7 15. dxc5 bxc5 16. Ba4 Bc6 17. Bxc6 Nxc6 18. Nc4 Qc7 19. Na3 c4 20. Nb5 Qb6 21. Nbd4 a4 22. Nxc6 Qxc6 23. a3 Rab8 24. Ka1 Qb6 25. Nd4 Rfc8 26. Rb1 Qa5 27. Qc2 Bc5 28. Rhd1 Ng7 29. Bf4 Rb3 30. Nxb3 axb3 31. Qc1 Ra8 32. Be3 Bxa3 33. bxa3 Qxa3+ 34. Qxa3 Rxa3+ 35. Kb2 Ra2+ 36. Kc1 Rc2# {[%emt 0:00:04] Rh1} 0-1

[Event "EYCC Girls U10 2018"]
[Site "Riga"]
[Date "2018.08.29"]
[Round "9"]
[White "Shvedova, Alexandra"]
[Black "Papadopoulou, Marilena"]
[Result "1-0"]
[ECO "C49"]
[WhiteElo "1758"]
[BlackElo "1259"]
[Annotator "NA"]
[PlyCount "55"]
[EventDate "2018.08.20"]
[EventType "swiss"]
[EventCountry "LAT"]
[SourceTitle "playchess.com"]
[Source "ChessBase"]
[SourceQuality "1"]
[TimeControl "40/5400+30:1800+30"]

1. e4 e5 2. Nf3 Nc6 3. Nc3 Nf6 4. Bb5 Bb4 5. O-O O-O 6. d3 d6 7. Bg5 Be6 8. d4 exd4 9. Nxd4 Bxc3 10. bxc3 Na5 11. f4 c5 12. Nf3 Qb6 13. Bxf6 Qxb5 14. Be7 Rfe8 15. Qxd6 Rac8 16. Bh4 Qa4 17. Rfe1 Qxc2 18. Qd2 Qxd2 19. Nxd2 Rc6 20. e5 Nc4 21. Ne4 Bd5 22. Rad1 Bxe4 23. Rxe4 Na3 24. Rd6 Rxd6 25. exd6 Rxe4 26. d7 Kf8 27. d8=Q+ Re8 28. Be7+ 1-0

[Event "EYCC Girls U10 2018"]
[Site "Riga"]
[Date "2018.08.29"]
[Round "9"]
[White "Huang, Wendy"]
[Black "Svergina, Sofya"]
[Result "0-1"]
[ECO "B34"]
[WhiteElo "1648"]
[BlackElo "1657"]
[Annotator "NA"]
[PlyCount "102"]
[EventDate "2018.08.20"]
[EventType "swiss"]
[EventCountry "LAT"]
[SourceTitle "playchess.com"]
[Source "ChessBase"]
[SourceQuality "1"]
[TimeControl "40/5400+30:1800+30"]

1. e4 c5 2. Nf3 Nc6 3. d4 cxd4 4. Nxd4 g6 5. Nc3 Bg7 6. Be3 Nf6 7. Qd2 Ng4 8. Nxc6 bxc6 9. Bd4 Bxd4 10. Qxd4 e5 11. Qc5 Qb6 12. Qxb6 axb6 13. h3 Nf6 14. O-O-O Ke7 15. a3 d6 16. g3 Be6 17. Bg2 g5 18. Rhe1 h5 19. Rd2 Rhd8 20. Red1 b5 21. Kb1 g4 22. h4 Ra5 23. Rd3 Rd7 24. b4 Ra8 25. Kb2 Bc4 26. R3d2 Be6 27. Rd3 Rb8 28. R3d2 Rbd8 29. Rd3 d5 30. exd5 Nxd5 31. Re1 f6 32. Ne4 Nb6 33. Rxd7+ Rxd7 34. Nc5 Nc4+ 35. Kb3 Ne3+ 36. Nxe6 Nxg2 37. Rg1 Kxe6 38. Rxg2 Rd4 39. Rg1 Rd2 40. Rf1 e4 41. Kb2 f5 42. Kc1 Rd5 43. Rd1 Ke5 44. Re1 Rd4 45. c3 Rd3 46. Re3 Kd5 47. Kc2 Rxe3 48. fxe3 Kc4 49. Kd2 Kb3 50. Kd1 Kxc3 51. Ke2 Kc2 0-1

[Event "EYCC Girls U10 2018"]
[Site "Riga"]
[Date "2018.08.29"]
[Round "9"]
[White "Shukhman, Anna"]
[Black "Zhapova, Yana"]
[Result "1/2-1/2"]
[ECO "A22"]
[WhiteElo "1577"]
[BlackElo "1733"]
[Annotator "NA"]
[PlyCount "62"]
[EventDate "2018.08.20"]
[EventType "swiss"]
[EventCountry "LAT"]
[SourceTitle "playchess.com"]
[Source "ChessBase"]
[SourceQuality "1"]
[TimeControl "40/5400+30:1800+30"]

1. c4 e5 2. Nc3 Nf6 3. g3 d5 4. cxd5 Nxd5 5. Bg2 Nb6 6. d3 Nc6 7. Nf3 Be7 8. O-O O-O 9. Be3 Be6 10. Rc1 f5 11. b4 Bf6 12. Bc5 Rf7 13. Nd2 Nd5 14. Nxd5 Bxd5 15. Bxd5 Qxd5 16. Qb3 Rd8 17. Qxd5 Rxd5 18. Nb3 a6 19. a3 Nd8 20. f3 g6 21. Bf2 Ne6 22. Rc4 Bd8 23. Rfc1 c6 24. Nc5 Nxc5 25. Rxc5 Rxc5 26. Rxc5 Bf6 27. Rc4 Rd7 28. Kg2 Kf7 29. g4 Ke6 30. Kf1 Bd8 31. Bc5 Bf6 1/2-1/2